 Dungeon Crawl Stone Soup version 0.24.0-123-gd5b16e6ec5 (webtiles) character file.

Game seed: 1214675023023703890, levelgen mode: deterministic

3281 Martska the Skirmisher (level 10, -13/79 HPs)
             Began as a Human Skald on Feb 9, 2020.
             Was a Priest of the Shining One.
             Mangled by an ogre
             ... wielding a +0 giant club
              (23 damage)
             ... on level 8 of the Dungeon.
             The game lasted 00:41:06 (5786 turns).

Martska the Skirmisher (Human Skald)                Turns: 5786, Time: 00:41:06

Health: -13/79     AC: 10    Str: 15    XL:     10   Next: 20%
Magic:  18/25      EV: 15    Int: 14    God:    the Shining One [***...]
Gold:   398        SH: 10    Dex: 12    Spells: 10/17 levels left

rFire    . . .     SeeInvis .   R - +0 long sword
rCold    . . .     Gourm    .   P - -1 buckler (curse)
rNeg     + . .     Faith    .   n - +0 scale mail
rPois    .         Spirit   .   (no helmet)
rElec    .         Reflect  .   (no cloak)
rCorr    .         Harm     .   J - +0 pair of gloves (curse)
MR       .....                  h - +1 pair of boots
Stlth    ..........             e - amulet of regeneration
HPRegen  0.63/turn              E - +5 ring of evasion
MPRegen  0.19/turn              g - ring of magical power

@: divine shield, glowing, drained
A: no striking features
a: Divine Shield, Renounce Religion


You were on level 8 of the Dungeon.
You worshipped the Shining One.
The Shining One was most pleased with you.
You were not hungry.

You visited 1 branch of the dungeon, and saw 9 of its levels.

You collected 398 gold pieces.

Inventory:

Hand Weapons
 a - a +0 falchion
 k - a +0 great sword
 p - a +0 short sword of venom
 z - a +5 club
 A - a +4 dire flail of protection
 M - a +1 short sword of protection
 R - a +0 long sword (weapon)
Missiles
 C - 2 throwing nets (quivered)
Armour
 b - a +0 leather armour
 h - a +1 pair of boots (worn)
 n - a +0 scale mail (worn)
 J - a cursed +0 pair of gloves (worn)
 P - a cursed -1 buckler (worn)
Jewellery
 c - a -2 ring of dexterity
 e - an amulet of regeneration (around neck)
 g - a ring of magical power (right hand)
 j - an uncursed amulet of guardian spirit
 B - an uncursed ring of resist corrosion
 E - a +5 ring of evasion (left hand)
Wands
 y - a wand of iceblast (11)
Scrolls
 f - 3 scrolls of enchant armour
 m - 3 scrolls of amnesia
 s - a scroll of teleportation
 u - 3 scrolls of enchant weapon
 x - a scroll of magic mapping
 G - 2 scrolls of immolation
 H - 4 scrolls of remove curse
 N - a scroll of holy word {unknown}
 O - 4 scrolls of identify
Potions
 i - a potion of flight
 l - a potion of heal wounds {unknown}
 o - 2 potions of degeneration
 q - a potion of cancellation {unknown}
 r - 2 potions of lignification {unknown}
 t - 2 potions of agility {unknown}
 v - 2 potions of invisibility {unknown}
 w - 2 potions of ambrosia {unknown}
 D - a potion of haste {unknown}
 F - a potion of magic {unknown}
 I - 2 potions of curing {unknown}
 K - a potion of might {unknown}
 S - a potion of berserk rage {unknown}
Comestibles
 d - 11 rations


   Skills:
 * Level 7.0(6.2) Fighting
 + Level 4.9(4.1) Long Blades
 + Level 4.2(3.4) Armour
 + Level 5.1(4.3) Dodging
 + Level 1.2(0.5) Shields
 - Level 4.0(3.2) Spellcasting
 + Level 2.4(1.7) Hexes
 + Level 5.5(4.7) Charms
 + Level 0.5(0.0) Necromancy
 + Level 4.2(3.4) Invocations
 + Level 3.8(3.0) Evocations


You had 10 spell levels left.
You knew the following spells:

 Your Spells              Type           Power        Failure   Level  Hunger
a - Infusion              Chrm           ###.         17%         1    #......
b - Regeneration          Chrm/Necr      #.........   80%         3    ###....
c - Spectral Weapon       Hex/Chrm       ##......     69%         3    ###....

Your spell library contained the following spells:

 Spells                   Type           Power        Failure   Level  Hunger
 Song of Slaying          Chrm           ###.....     26%         2    ##.....
 Shroud of Golubria       Chrm/Tloc      #.....       56%         2    ##.....


Dungeon Overview and Level Annotations

Branches:
Dungeon (9/15)             Temple (0/1) D:6
   Lair: D:8-11         Orc: D:9-12

Altars:
Cheibriados
Dithmenos
Gozag
Hepliaklqana
Makhleb
Okawaru
Qazlal
Uskayaw
Vehumet
Xom
The Shining One

Annotations:
D:4 Sigmund
D:7 1 runed translucent door, Crazy Yiuf


Message History

You block the killer bee's attack.
The phantom blinks!
The ogre misses you. A mysterious force pulls you upwards.
The hatch slams shut behind you.
Your shield is strengthened by the Shining One's divine power.
You feel slightly more hungry.
You slash the ogre!
The ogre is moderately wounded.
The ogre hits you with a +0 giant club!
* * * LOW HITPOINT WARNING * * *
Aiming: Paralyse
Press: ? - help, Shift-Dir - straight line, f - ogre
Aim: an ogre, wielding a +0 giant club (moderately wounded, haloed, chance to defeat MR: 54%)
The ogre resists with significant effort.
You block the ogre's attack.
Aiming: Paralyse
Press: ? - help, Shift-Dir - straight line, f/p - ogre
Aim: an ogre, wielding a +0 giant club (moderately wounded, haloed, chance to defeat MR: 54%)
The ogre resists with significant effort.
The now-empty wand crumbles to dust.
The ogre hits you with a +0 giant club!!
You die... ## #. ##.###.##### .......@O..# ######.###.# #. ##

You could see an ogre.

Vanquished Creatures
  A hungry ghost (D:7)
  Edmund (D:3)
  Menkaure (D:5)
  2 orc warriors
  An ice beast (D:6)
  2 sky beasts
  A phantom (D:5)
  3 centaurs
  2 ogres
  A big kobold (D:7)
  3 bullfrogs
  A water moccasin zombie (D:5)
  A wyvern skeleton (D:6)
  4 killer bees (D:7)
  2 wights (D:9)
  2 howler monkeys
  2 crimson imps
  3 bullfrog zombies
  3 jellies
  4 hounds
  A centaur zombie (D:5)
  4 orc priests
  5 orc wizards
  2 bullfrog skeletons
  4 iguanas
  5 worker ants
  Ijyb (D:3)
  A howler monkey zombie (D:7)
  5 gnolls
  6 adders
  4 shadow imps
  3 oozes
  An adder zombie (D:5)
  An adder skeleton (D:7)
  2 worms
  2 dart slugs
  2 leopard geckos (D:2)
  12 orcs
  9 giant cockroaches
  2 hobgoblins
  8 jackals
  3 quokkas
  3 ball pythons
  6 bats
  2 frilled lizards
  5 goblins
  7 kobolds
  A leopard gecko skeleton (D:7)
  A leopard gecko zombie (D:5)
  11 rats
159 creatures vanquished.

Notes
Turn   | Place    | Note
-------+----------+-------------------------------------------
     0 | D:1      | Martska the Human Skald began the quest for the Orb.
     0 | D:1      | Reached XP level 1. HP: 16/16 MP: 3/3
    59 | D:1      | Reached XP level 2. HP: 15/22 MP: 3/5
   195 | D:1      | Reached XP level 3. HP: 27/28 MP: 1/6
  1034 | D:2      | Found a snail-covered altar of Cheibriados.
  1034 | D:2      | Found a glowing golden altar of the Shining One.
  1034 | D:2      | Found a hide-covered altar of Uskayaw.
  1041 | D:2      | Became a worshipper of the Shining One
  1280 | D:2      | Reached XP level 4. HP: 34/34 MP: 7/7
  1283 | D:2      | Found a shadowy altar of Dithmenos.
  1290 | D:2      | Found an iron altar of Okawaru.
  1336 | D:2      | Found a hazy altar of Hepliaklqana.
  1490 | D:2      | Reached skill level 3 in Fighting
  1940 | D:3      | Reached XP level 5. HP: 38/41 MP: 8/8
  2165 | D:3      | Noticed Ijyb
  2466 | D:3      | Killed Ijyb
  2519 | D:4      | Noticed Edmund
  2544 | D:3      | Killed Edmund
  2544 | D:3      | Reached XP level 6. HP: 21/48 MP: 10/10
  2830 | D:4      | Noticed Sigmund
  2854 | D:4      | Reached skill level 4 in Fighting
  2900 | D:5      | Entered Level 5 of the Dungeon
  2972 | D:5      | Noticed a phantom
  3018 | D:5      | Killed a phantom
  3018 | D:5      | Reached XP level 7. HP: 22/54 MP: 11/11
  3023 | D:5      | Learned a level 3 spell: Regeneration
  3027 | D:5      | Learned a level 3 spell: Spectral Weapon
  3081 | D:5      | Found a burning altar of Makhleb.
  3091 | D:5      | Reached skill level 1 in Invocations
  3120 | D:5      | Reached * piety under the Shining One
  3129 | D:5      | Reached skill level 1 in Evocations
  3236 | D:5      | Found a radiant altar of Vehumet.
  3284 | D:5      | Reached XP level 8. HP: 45/61 MP: 12/12
  3333 | D:5      | Noticed Menkaure
  3340 | D:5      | Killed Menkaure
  3340 | D:5      | Reached skill level 5 in Fighting
  3847 | D:6      | Reached ** piety under the Shining One
  3897 | D:6      | Found a stormy altar of Qazlal.
  3905 | D:6      | Found an opulent altar of Gozag.
  4064 | D:6      | Reached XP level 9. HP: 50/69 MP: 14/14
  4137 | D:6      | Found a staircase to the Ecumenical Temple.
  4349 | D:7      | Reached skill level 6 in Fighting
  4349 | D:7      | Reached skill level 5 in Charms
  4403 | D:7      | Reached skill level 1 in Hexes
  4818 | D:6      | Found a shimmering altar of Xom.
  5419 | D:7      | Reached *** piety under the Shining One
  5431 | D:7      | Reached XP level 10. HP: 77/77 MP: 16/16
  5433 | D:7      | Reached skill level 5 in Dodging
  5509 | D:7      | Found a runed translucent door.
  5510 | D:7      | Noticed Crazy Yiuf
  5624 | D:7      | You fall into a shaft and drop 2 floors!
  5716 | D:9      | Reached skill level 1 in Shields
  5758 | D:9      | Reached skill level 7 in Fighting
  5786 | D:8      | Mangled by an ogre

Levels and vault maps discovered:
D:1:      kennysheep_arrival_forest, layout_basic
D:2:      minmay_general_purpose_star, layout_basic, okawaru_trees_1,
          lemuel_round_altar, gammafunk_temple_overflow_claw,
          lemuel_doored_altar, minmay_worlds_worst_comb
D:3:      layout_rooms, uniq_ijyb
D:4:      layout_cave_pods, lemuel_round_altar, first_ration, uniq_sigmund,
          uniq_robin, uniq_edmund
D:5:      cheibrodos_two_vegetables, layout_basic, lemuel_crystal_altar,
          basic_altar, uniq_menkaure
D:6:      minmay_bubble_buster, layout_cave_pools, old_standard_altar,
          grunt_temple_overflow_open, temple_pool_b
D:7:      layout_rooms, uniq_crazy_yiuf_cottage
D:8:      layout_basic
D:9:      layout_loops_corners, nemelex_xobeh_ov_fountains_minmay

Skill      XL: |  1  2  3  4  5  6  7  8  9 10 |
---------------+-------------------------------+-----
Fighting       | 3 4 5 6 7 |  7.0
Dodging        | 3 4 5 |  5.1
Long Blades    | 3 4 |  4.9
Armour         | 2 3 4 |  4.2
Spellcasting   | 3 4 |  4.0
Charms         | 4 5 |  5.5
Invocations    | 1 2 4 |  4.2
Evocations     | 1 2 3 |  3.8
Hexes          | 2 |  2.4
Shields        | 1 |  1.2
Necromancy     | |  0.5

Action                   |  1- 3 |  4- 6 |  7- 9 | 10-12 || total
-------------------------+-------+-------+-------+-------++-------
Melee: Falchion          |    67 |       |    69 |       ||   136
       Great sword       |    13 |    11 |   134 |       ||   158
       Short sword       |     3 |   140 |   148 |       ||   291
       Long sword        |       |       |    15 |    75 ||    90
 Cast: Infusion          |     3 |     5 |     9 |     1 ||    18
Invok: Divine Shield     |       |       |       |     1 ||     1
Evoke: Wand              |       |       |    11 |     3 ||    14
  Use: Scroll            |     3 |     7 |     4 |     2 ||    16
  Eat: Ration            |       |     2 |     3 |     1 ||     6
Armor: Leather armour    |    29 |    29 |       |       ||    58
       Scale mail        |       |    57 |   104 |    16 ||   177
Dodge: Dodged            |    58 |   102 |   321 |    73 ||   554
Block: Buckler           |       |       |       |     9 ||     9
       Rpst.: Falchion   |    13 |       |    26 |       ||    39
       Great sword       |     6 |     1 |    38 |       ||    45
       Long sword        |       |       |     6 |    16 ||    22
